[Event "*** SCC Grand Prix: Titled Tuesday Blitz"]
[Site "Chess.com"]
[Date "2020.07.07"]
[Round "6"]
[White "Shushik"]
[Black "TurboSteen"]
[Result "1-0"]
[WhiteElo "2202"]
[BlackElo "1961"]
[TimeControl "180+1"]
[EndTime "11:05:09 PDT"]
[Termination "Shushik won by resignation"]

1. e4 e6 2. d4 d5 3. Nd2 Nf6 4. e5 Nfd7 5. Bd3 c5 6. c3 Nc6 7. Ngf3 g6 8. O-O Bg7 9. Re1 O-O 10. b3 f6 11. Ba3 fxe5 12. Nxe5 Ncxe5 13. dxe5 Nxe5 14.
Bf1 Qh4 15. g3 Qf6 16. Bxc5 Rf7 17. Bd4 Qf5 18. Bg2 Bd7 19. Qe2 Ng4 20. Bxg7 Kxg7 21. Rf1 Raf8 22. Bh3 e5 23. f3 Qh5 24. Bxg4 Bxg4 25.
fxg4 Qg5 26. Nf3 Qxg4 27. Qxe5+ Kh6 28. Qe3+ Kg7 29. Qd4+ Kh6 30. Qxg4 1-0

[Event "*** SCC Grand Prix: Titled Tuesday Blitz"]
[Site "Chess.com"]
[Date "2020.07.07"]
[Round "6"]
[White "gui_borba"]
[Black "Malysch"]
[Result "1-0"]
[WhiteElo "2346"]
[BlackElo "2472"]
[TimeControl "180+1"]
[EndTime "11:05:10 PDT"]
[Termination "gui_borba won by checkmate"]

1. d4 Nf6 2. Bf4 g6 3. Nc3 d5 4.
e3 Bg7 5. h4 h5 6. Be2 O-O 7. Nf3 Bg4 8. Ne5 Bxe2 9. Qxe2 Nbd7 10.
O-O-O c6 11. f3 Qc8 12. g4 b5 13. Nxd7 Qxd7 14. Rdg1 a5 15. Be5 hxg4 16. fxg4 a4 17. h5 b4 18. h6 bxc3 19. hxg7 cxb2+ 20. Kb1 Kxg7 21. g5 Qf5 22. gxf6+ exf6 23. Rf1 Qxf1+ 24. Qxf1 fxe5 25. dxe5 f5 26. Kxb2 a3+ 27. Kc1 Rab8 28. Kd2 Rb2 29. Qh3 Rxa2 30. Qh7# 1-0

[Event "*** SCC Grand Prix: Titled Tuesday Blitz"]
[Site "Chess.com"]
[Date "2020.07.07"]
[Round "6"]
[White "JoliyRoger"]
[Black "mirochka"]
[Result "0-1"]
[WhiteElo "2247"]
[BlackElo "2138"]
[TimeControl "180+1"]
[EndTime "11:05:10 PDT"]
[Termination "mirochka won by resignation"]

1. Nf3 c5 2. c4 Nf6 3. Nc3 e6 4. e3 Nc6 5. Be2 Be7 6. O-O d5 7. cxd5 exd5 8. d4 O-O 9. dxc5 Bxc5 10. b3 d4 11. Na4 b6 12. Nxc5 bxc5 13. Ba3 Ne4 14.
exd4 Nc3 15. Qd2 Nxd4 16. Nxd4 Qxd4 17. Qxd4 Nxe2+ 18. Kh1 cxd4 19. Bc5 Re8 20. Rfe1 Bb7 21. f3 Rad8 22. Rad1 d3 23. Rd2 Ba6 24. Bxa7 Rc8 25. Bf2 f6 26. h4 Rc2 27. Red1 Rxd2 28. Rxd2 Rc8 29. a4 Rc2 30. Be3 Nc3 31. Kh2 Rxd2 32.
Bxd2 Nb1 33. Be3 d2 34. Bxd2 Nxd2 35. b4 Nc4 36. Kg3 Nb2 37. b5 Bc8 38. a5 Bd7 39. b6 Bc8 40. Kf4 Nc4 41. g4 Nxa5 42. h5 Nc4 43.
Ke4 Nxb6 44. f4 Bb7+ 45. Kd4 Kf7 46. g5 fxg5 0-1

[Event "*** SCC Grand Prix: Titled Tuesday Blitz"]
[Site "Chess.com"]
[Date "2020.07.07"]
[Round "6"]
[White "SiddharthGMJagadeesh"]
[Black "HanSchut"]
[Result "1-0"]
[WhiteElo "2440"]
[BlackElo "2295"]
[TimeControl "180+1"]
[EndTime "11:05:11 PDT"]
[Termination "SiddharthGMJagadeesh won on time"]

1. d4 Nf6 2. Nc3 d5 3. Bf4 e6 4. Nb5 Na6 5. e3 c6 6. Nc3 Nb8 7. Nf3 Bd6 8. Ne5 O-O 9. Bd3 Nbd7 10. Nxc6 bxc6 11. Bxd6 Re8 12. O-O e5 13. dxe5 Nxe5 14.
Bxe5 Rxe5 15. Ne2 c5 16. c4 Bb7 17. Nf4 g5 18. Nh5 dxc4 19. Bxc4 Qe7 20. Nxf6+ Qxf6 21. Qb3 Re7 22. Rad1 Kg7 23. Bd5 Rb8 24. Qc2 Ba6 25. Bc4 Bb7 26. b3 h5 27. Bd5 Ba6 28. Rfe1 h4 29. h3 Bc8 30. Qxc5 g4 31. hxg4 Bxg4 32. Rd4 1-0

[Event "*** SCC Grand Prix: Titled Tuesday Blitz"]
[Site "Chess.com"]
[Date "2020.07.07"]
[Round "6"]
[White "Alopekos"]
[Black "SCIM"]
[Result "1-0"]
[WhiteElo "2382"]
[BlackElo "2541"]
[TimeControl "180+1"]
[EndTime "11:05:12 PDT"]
[Termination "Alopekos won by resignation"]

1. e4 c5 2. Nc3 Nc6 3. Nge2 e6 4. d4 cxd4 5. Nxd4 Qc7 6. Be3 a6 7. Be2 Nf6 8. O-O Be7 9. f4 d6 10. Qe1 Nxd4 11. Bxd4 b5 12. a3 Bb7 13. Bd3 e5 14. fxe5 dxe5 15. Qg3 Bc5 16. Bxc5 Qxc5+ 17. Kh1 Nh5 18.
Qg5 g6 19. Nd5 Bxd5 20. Qxe5+ Kd7 21. Rxf7+ Bxf7 22. Qxc5 Rac8 23. Qa7+ Rc7 24. Qxa6 Ke7 25. Rf1 Be6 26. Qxb5 Rd8 27. Qg5+ Kd7 28. Bb5+ Kc8 29. Ba6+ Kd7 30. Rd1+ 1-0

[Event "*** SCC Grand Prix: Titled Tuesday Blitz"]
[Site "Chess.com"]
[Date "2020.07.07"]
[Round "6"]
[White "S-Fazulyanov"]
[Black "barbara25"]
[Result "1-0"]
[WhiteElo "2552"]
[BlackElo "2324"]
[TimeControl "180+1"]
[EndTime "11:05:14 PDT"]
[Termination "S-Fazulyanov won by checkmate"]

1. e4 c5 2. Nf3 d6 3. d4 cxd4 4. Nxd4 Nf6 5. Nc3 a6 6. Bg5 e6 7. f4 Qb6 8. Qd2 h6 9. Bxf6 gxf6 10. O-O-O Nc6 11. Nxc6 bxc6 12. Be2 Rb8 13. b3 d5 14.
Bf3 Bb4 15. Qd3 Qa5 16. Kb2 Bd7 17. f5 Rc8 18. fxe6 Bxc3+ 19. Qxc3 Qxc3+ 20. Kxc3 fxe6 21. Rhe1 Ke7 22. Kb2 Kd6 23. c4 Rhe8 24. Re2 Rcd8 25. Red2 Kc5 26. cxd5 cxd5 27. exd5 e5 28. Bh5 Rf8 29.
d6 Be8 30. Bxe8 Rfxe8 31. d7 Re7 32. Rd6 f5 33. R1d5+ Kb4 34. a3# 1-0

[Event "*** SCC Grand Prix: Titled Tuesday Blitz"]
[Site "Chess.com"]
[Date "2020.07.07"]
[Round "6"]
[White "Tekushka"]
[Black "Marty435"]
[Result "0-1"]
[WhiteElo "2363"]
[BlackElo "2517"]
[TimeControl "180+1"]
[EndTime "11:05:16 PDT"]
[Termination "Marty435 won on time"]

1. d4 d5 2. c4 Nc6 3. Nc3 Nf6 4. Nf3 e6 5. Bg5 Bb4 6. e3 h6 7. Bh4 g5 8. Bg3 Ne4 9. Qc2 h5 10. h4 g4 11. Nd2 Nxg3 12. fxg3 Qd6 13. Kf2 Rh6 14.
Ne2 e5 15. cxd5 Qxd5 16. Qe4 Rf6+ 17. Kg1 Be6 18. Qxd5 Bxd5 19. Nb3 O-O-O 20. a3 Bd6 21. Nc5 exd4 22. exd4 Bc4 23. b4 Bxe2 24. Bxe2 Bxg3 25. Rf1 Rxf1+ 26. Kxf1 Rxd4 27. Nd3 Rc4 28. Bd1 Re4 29. Be2 Nd4 30. Nc1 Bf4 31. Bd3 Re3 32.
g3 Bxg3 0-1

[Event "*** SCC Grand Prix: Titled Tuesday Blitz"]
[Site "Chess.com"]
[Date "2020.07.07"]
[Round "6"]
[White "fighter2jz"]
[Black "superchess02"]
[Result "1-0"]
[WhiteElo "2816"]
[BlackElo "2661"]
[TimeControl "180+1"]
[EndTime "11:05:18 PDT"]
[Termination "fighter2jz won by resignation"]

1. e4 e5 2. Nf3 Nc6 3. Bb5 a6 4. Ba4 Nf6 5. d3 b5 6. Bb3 Be7 7. Nc3 d6 8. h3 Nd4 9. Nxd4 exd4 10. Ne2 c5 11. c3 dxc3 12. Nxc3 Bb7 13. O-O O-O 14. Re1 Re8 15. Bg5 h6 16. Bxf6 Bxf6 17. Qh5 Qd7 18. Nd5 Bxb2 19. Rab1 c4 20. dxc4 Bd4 21.
Rbd1 Bc5 22. cxb5 axb5 23. Rd3 Re5 24. Qxe5 dxe5 25. Nf6+ gxf6 26. Rxd7 1-0

[Event "*** SCC Grand Prix: Titled Tuesday Blitz"]
[Site "Chess.com"]
[Date "2020.07.07"]
[Round "6"]
[White "Tashik"]
[Black "SerGo055"]
[Result "0-1"]
[WhiteElo "2380"]
[BlackElo "2562"]
[TimeControl "180+1"]
[EndTime "11:05:18 PDT"]
[Termination "SerGo055 won by resignation"]

1. c4 Nf6 2. Nc3 c6 3. d4 d5 4. Nf3 e6 5. Bg5 dxc4 6. e4 b5 7. e5 h6 8. Bh4 g5 9. Nxg5 hxg5 10. Bxg5 Nbd7 11. g3 Bb7 12. Bg2 Qb6 13. exf6 O-O-O 14. O-O Ne5 15. Qe2 Nd3 16. Be3 c5 17. dxc5 Bxc5 18.
Ne4 Bxe3 19. fxe3 Nxb2 20. Ng5 Bxg2 21. Qxg2 Qxe3+ 22. Kh1 Qxg5 23. Qa8+ Kd7 24. Qxa7+ Kc6 25. Qa6+ Kc5 26. Qa3+ Kb6 27. Qxb2 Rd2 0-1

[Event "*** SCC Grand Prix: Titled Tuesday Blitz"]
[Site "Chess.com"]
[Date "2020.07.07"]
[Round "6"]
[White "tan275"]
[Black "ajian"]
[Result "0-1"]
[WhiteElo "2269"]
[BlackElo "2426"]
[TimeControl "180+1"]
[EndTime "11:05:19 PDT"]
[Termination "ajian won by resignation"]

1. d4 Nf6 2. c4 e6 3. g3 d5 4. Nf3 dxc4 5. Bg2 a6 6. O-O b5 7.
Ne5 Nd5 8. a4 Bb7 9. axb5 axb5 10.
Rxa8 Bxa8 11. e4 Nf6 12. Bg5 Be7 13. Nc3 c6 14. d5 O-O 15. dxc6 Nxc6 16. Nxc6 Bxc6 17.
e5 Nd5 18. Bxe7 Qxe7 19. Qg4 Nxc3 20. Bxc6 Qc5 21. Bf3 Na4 22. Be4 Qxe5 23. Re1 f5 0-1

[Event "*** SCC Grand Prix: Titled Tuesday Blitz"]
[Site "Chess.com"]
[Date "2020.07.07"]
[Round "6"]
[White "David_Paravyan"]
[Black "Msb2"]
[Result "0-1"]
[WhiteElo "2976"]
[BlackElo "2865"]
[TimeControl "180+1"]
[EndTime "11:05:20 PDT"]
[Termination "Msb2 won by resignation"]

1. e4 e6 2. d4 d5 3. Nc3 Nf6 4.
Bg5 dxe4 5. Nxe4 Be7 6. Nxf6+ Bxf6 7. Bxf6 Qxf6 8. Nf3 O-O 9. Qd3 c5 10. O-O-O Nc6 11.
Qe4 Rd8 12. Bd3 g6 13. dxc5 e5 14. a3 Bf5 15. Qh4 Qxh4 16. Nxh4 Bxd3 17. Rxd3 Rxd3 18. cxd3 Rd8 19. Rd1 a5 20. Kd2 Rd5 21. Rc1 e4 22. Ke3 Rxd3+ 23. Kxe4 Rd4+ 24. Ke3 Rxh4 25. h3 Rd4 26. f4 f5 27. g3 Kf7 28. h4 a4 29.
Rc2 Re4+ 30. Kd3 Ke6 31. h5 Kd5 32. Rh2 Kxc5 33. hxg6 hxg6 34. Rh7 b5 35. Rf7 Re6 36. Rc7 Kd5 37. Rd7+ Rd6 38. Rg7 Kc5+ 39. Ke3 Kc4 40. Rb7 Nd4 0-1

[Event "*** SCC Grand Prix: Titled Tuesday Blitz"]
[Site "Chess.com"]
[Date "2020.07.07"]
[Round "6"]
[White "zmeeed67"]
[Black "fridaywins"]
[Result "1-0"]
[WhiteElo "2439"]
[BlackElo "2287"]
[TimeControl "180+1"]
[EndTime "11:05:20 PDT"]
[Termination "zmeeed67 won by resignation"]

1. d4 Nf6 2. c4 g6 3. Nc3 Bg7 4.
Nf3 O-O 5. Bg5 h6 6. Bh4 c5 7.
e3 cxd4 8. exd4 d5 9. Bxf6 Bxf6 10. cxd5 Qb6 11. Qd2 g5 12. Bc4 Bf5 13. O-O Nd7 14.
Rfe1 Rac8 15. Bb3 Kg7 16. Ne5 a6 17. Rad1 Qd6 18. Qe3 Nb6 19. Qf3 Bg6 20. Nxg6 fxg6 21. Re6 Qf4 22. Qxf4 gxf4 23. Rxb6 1-0

[Event "*** SCC Grand Prix: Titled Tuesday Blitz"]
[Site "Chess.com"]
[Date "2020.07.07"]
[Round "6"]
[White "Michaelson_11"]
[Black "czasnaszachy"]
[Result "1/2-1/2"]
[WhiteElo "2102"]
[BlackElo "2239"]
[TimeControl "180+1"]
[EndTime "11:05:20 PDT"]
[Termination "Game drawn by repetition"]

1. e4 c5 2. Nc3 d6 3. d4 cxd4 4.
Qxd4 Nc6 5. Qd2 Nf6 6. b3 g6 7.
Bb2 Bg7 8. O-O-O O-O 9. f3 Qa5 10. Kb1 a6 11. g4 b5 12. h4 h5 13. gxh5 Nxh5 14. Bh3 Bxh3 15. Nxh3 b4 16. Na4 Bxb2 17. Nxb2 Na7 18. Nf4 Nb5 19. Nd5 Na3+ 20. Ka1 Rab8 21. Rhg1 e6 22. Ne7+ Kh7 23. Nc6 Qc5 24. Nxb8 Nxc2+ 25.
Kb1 Na3+ 26. Ka1 Nc2+ 27. Kb1 Na3+ 28. Ka1 Nc2+ 1/2-1/2

[Event "*** SCC Grand Prix: Titled Tuesday Blitz"]
[Site "Chess.com"]
[Date "2020.07.07"]
[Round "6"]
[White "dosto07"]
[Black "dianamirza"]
[Result "1-0"]
[WhiteElo "2204"]
[BlackElo "1968"]
[TimeControl "180+1"]
[EndTime "11:05:21 PDT"]
[Termination "dosto07 won by resignation"]

1. d4 Nf6 2. Nf3 g6 3. Bf4 Bg7 4. Nc3 O-O 5. h3 d6 6. e3 Nh5 7.
Bh2 Nd7 8. Be2 e5 9. O-O f5 10.
dxe5 dxe5 11. Nd2 Nhf6 12. Nc4 Qe7 13. a4 c6 14. a5 Nd5 15. Nxd5 cxd5 16. Qxd5+ Kh8 17.
Nd6 Nf6 18. Qxe5 Qxe5 19. Bxe5 Nd7 20. Bxg7+ Kxg7 21. Rfd1 Ne5 22. f4 Nc6 23. Bf3 Nb4 24. c3 Nc2 25. Ra4 Nxe3 26. Rd3 Nc2 27. Rd2 Ne3 28. Kf2 Bd7 29. Rb4 Rfe8 1-0

[Event "*** SCC Grand Prix: Titled Tuesday Blitz"]
[Site "Chess.com"]
[Date "2020.07.07"]
[Round "6"]
[White "Harsha_Bharathakoti"]
[Black "vpsetter"]
[Result "0-1"]
[WhiteElo "2780"]
[BlackElo "2636"]
[TimeControl "180+1"]
[EndTime "11:05:22 PDT"]
[Termination "vpsetter won by resignation"]

1. d4 Nf6 2. c4 e6 3. Nf3 d5 4.
Nc3 dxc4 5. e4 Bb4 6. Bg5 c5 7. Bxc4 cxd4 8. Nxd4 Bxc3+ 9. bxc3 Qa5 10. Bxf6 gxf6 11.
Nb5 Bd7 12. Qb3 O-O 13. O-O Nc6 14. Rad1 Ne5 15. Nd6 Ba4 16. Qa3 Nxc4 17. Nxc4 Qa6 18. Rd4 Bb5 19. Qxa6 Bxa6 20. Rc1 e5 21. Rd6 Bxc4 22.
Rxf6 Kg7 0-1

[Event "*** SCC Grand Prix: Titled Tuesday Blitz"]
[Site "Chess.com"]
[Date "2020.07.07"]
[Round "6"]
[White "Micki-taryan"]
[Black "WashUntilHoles"]
[Result "1-0"]
[WhiteElo "3043"]
[BlackElo "2734"]
[TimeControl "180+1"]
[EndTime "11:05:23 PDT"]
[Termination "Micki-taryan won on time"]

1. Nf3 Nf6 2. d4 g6 3. Nc3 d5 4. Bf4 Bg7 5. Nb5 Na6 6. e3 O-O 7. h4 h5 8. Be2 c6 9. Nc3 c5 10. Ne5 cxd4 11. exd4 Nb4 12. a3 Nc6 13. O-O Bf5 14.
Bf3 Rc8 15. Re1 e6 16. Bg5 Qc7 17. Nb5 Qe7 18. Bxd5 Na5 19. Be4 Bxe4 20. Rxe4 a6 21. Nc3 Qc7 22. Re2 Nd7 23. Ne4 Nxe5 24. dxe5 Bxe5 25.
Nf6+ Bxf6 26. Bxf6 Qf4 27. Bc3 Rfd8 28. Qe1 Nc6 29.
Re4 Qf5 30. Qe3 Kh7 31. Rf4 1-0

[Event "*** SCC Grand Prix: Titled Tuesday Blitz"]
[Site "Chess.com"]
[Date "2020.07.07"]
[Round "6"]
[White "enzovsky"]
[Black "Reader777"]
[Result "1-0"]
[WhiteElo "2483"]
[BlackElo "2660"]
[TimeControl "180+1"]
[EndTime "11:05:23 PDT"]
[Termination "enzovsky won on time"]

1. e4 c5 2. Nf3 d6 3. d4 cxd4 4. Nxd4 Nf6 5. Nc3 a6 6. Bg5 Nbd7 7. Qe2 h6 8. Bh4 Qc7 9. O-O-O e6 10. f4 Be7 11. g4 g5 12. fxg5 Nh7 13. g6 Bxh4 14. gxf7+ Kxf7 15. g5 Bxg5+ 16. Kb1 Nhf6 17. Nxe6 Kxe6 18.
h4 Bf4 19. Nd5 Nxd5 20. exd5+ Kf7 21. Qe6+ Kf8 22. Qf5+ Ke8 23. Qxf4 Ne5 24. h5 Rf8 25. Qxh6 Bf5 26. Bd3 Nxd3 27. cxd3 Qd8 28. Rhe1+ Kd7 29. Qg7+ Kc8 30. Rc1+ Kb8 31. Re7 Bxd3+ 32. Ka1 Ra7 33. Rd7 Qe8 34. Rdc7 Rg8 35. Qd4 Bf5 36. h6 Rg4 37.
Qf6 Bd7 38. h7 Rh4 39. h8=Q 1-0

[Event "*** SCC Grand Prix: Titled Tuesday Blitz"]
[Site "Chess.com"]
[Date "2020.07.07"]
[Round "6"]
[White "gliglu"]
[Black "MisiekZielony"]
[Result "1-0"]
[WhiteElo "2403"]
[BlackElo "2200"]
[TimeControl "180+1"]
[EndTime "11:05:23 PDT"]
[Termination "gliglu won on time"]

1. d4 d5 2. c4 c6 3. cxd5 cxd5 4. Nc3 Nf6 5. Bf4 Nc6 6. e3 a6 7. Bd3 e6 8. Rc1 Be7 9. Nf3 O-O 10. O-O Nh5 11.
Be5 f5 12. Nd2 Nf6 13. f4 Ne4 14. Ndxe4 fxe4 15. Be2 Nxe5 16. fxe5 Bd7 17. Qb3 Rxf1+ 18.
Bxf1 Bg5 19. Re1 b5 20. Nxd5 exd5 21. Qxd5+ Kh8 22. e6 Be8 23. Qxe4 Rc8 24. Qf3 Bg6 25. d5 h6 26. e4 Qb6+ 27. Kh1 Rc4 28. Bxc4 bxc4 29.
Qc3 Qf2 30. e7 1-0

[Event "*** SCC Grand Prix: Titled Tuesday Blitz"]
[Site "Chess.com"]
[Date "2020.07.07"]
[Round "6"]
[White "m-garcett"]
[Black "ElCoachRene"]
[Result "1-0"]
[WhiteElo "2079"]
[BlackElo "2211"]
[TimeControl "180+1"]
[EndTime "11:05:23 PDT"]
[Termination "m-garcett won by resignation"]

1. e4 Nc6 2. Nf3 e5 3. Bb5 Nge7 4. c3 g6 5. O-O a6 6. Ba4 Bg7 7. d4 b5 8. Bb3 exd4 9. cxd4 O-O 10. a3 d5 11. e5 Na5 12. Bc2 h6 13. Nc3 Be6 14. Be3 Nc4 15. b3 Nxe3 16. fxe3 Rc8 17. b4 Rb8 18. Ne2 Nc8 19. Nf4 Bg4 20. h3 Bxf3 21. Qxf3 c6 22. e6 fxe6 23. Qg4 Qg5 24. Qxe6+ 1-0

[Event "*** SCC Grand Prix: Titled Tuesday Blitz"]
[Site "Chess.com"]
[Date "2020.07.07"]
[Round "6"]
[White "2346PL"]
[Black "Kaua18"]
[Result "1-0"]
[WhiteElo "2405"]
[BlackElo "2219"]
[TimeControl "180+1"]
[EndTime "11:05:25 PDT"]
[Termination "2346PL won by resignation"]

1. d4 Nf6 2. Bg5 b6 3. Bxf6 exf6 4. e4 Bb7 5. f3 d5 6. Bd3 dxe4 7. Bxe4 Bxe4 8.
fxe4 f5 9. exf5 Bd6 10. Qe2+ Kd7 11. Qf3 Qh4+ 12. Qf2 Re8+ 13. Ne2 Qg4 14. Nc3 Bb4 15. O-O Nc6 16. Rad1 Rad8 17. a3 Bxc3 18. Nxc3 Kc8 19.
d5 Ne5 20. Qd4 Qg5 21. Qa4 Kb7 22. Kh1 a6 23. Qe4 Rd6 24. Qf4 Qh5 25. Ne4 Rh6 26.
h3 g5 27. Qxg5 Nc4 28. Qxh5 Rxh5 29. Nf6 Ne3 30. Nxh5 Nxd1 31. Rxd1 Re2 32. Nf6 Rxc2 33. Nxh7 Rxb2 34. Ng5 Rb3 35. Nxf7 Rxa3 36. Rf1 a5 37. f6 a4 38. Ne5 1-0

[Event "*** SCC Grand Prix: Titled Tuesday Blitz"]
[Site "Chess.com"]
[Date "2020.07.07"]
[Round "6"]
[White "totoro9"]
[Black "sotochess"]
[Result "0-1"]
[WhiteElo "2304"]
[BlackElo "2443"]
[TimeControl "180+1"]
[EndTime "11:05:30 PDT"]
[Termination "sotochess won by resignation"]

1. e4 d5 2. exd5 Qxd5 3. Nc3 Qa5 4. Nf3 Nf6 5. Bc4 c6 6. O-O Bg4 7. h3 Bh5 8. g4 Bg6 9. Re1 Nbd7 10. d4 e6 11. a3 Be7 12. b4 Qc7 13. Nh4 Nb6 14. Bf1 Nfd5 15. Nxd5 cxd5 16. Nxg6 hxg6 17. Be3 Rc8 18. Rc1 Qc3 19. Qd3 Qxd3 20. cxd3 a6 21. Bf4 Kd7 22. Be5 f6 23. Bg3 g5 24. f3 Na4 25.
Kf2 Nc3 26. Ke3 Nb5 27. Ra1 Rc3 28. Rec1 Rhc8 29. Rxc3 Rxc3 30. a4 Na3 31. Ra2 Rb3 32. Be2 Bxb4 33. Ra1 Nc2+ 0-1

[Event "*** SCC Grand Prix: Titled Tuesday Blitz"]
[Site "Chess.com"]
[Date "2020.07.07"]
[Round "6"]
[White "guillembaches"]
[Black "cukin84"]
[Result "0-1"]
[WhiteElo "2399"]
[BlackElo "2184"]
[TimeControl "180+1"]
[EndTime "11:05:31 PDT"]
[Termination "cukin84 won on time"]

1. e4 c6 2. d4 d5 3. e5 c5 4. dxc5 e6 5. Be3 Nd7 6. Bb5 Qc7 7. Nf3 Bxc5 8. Bxc5 Qxc5 9. Bxd7+ Bxd7 10. c3 Ne7 11.
O-O O-O 12. Nbd2 Bb5 13. Re1 Ng6 14. Nb3 Qc7 15. Nbd4 Bc4 16. Qd2 a5 17. h4 Ne7 18.
h5 h6 19. Qf4 Nc6 20. Re3 Nxd4 21. Nxd4 Qe7 22. Rae1 Qg5 23. Qh2 Bxa2 24. f4 Qe7 25. f5 exf5 26. Nxf5 Qg5 27. Nxg7 Kh7 28. Rg3 Qd2 29. Rf1 d4 30. Nf5 dxc3 31. Rg7+ Kh8 32. Qg3 Rg8 33. bxc3 Be6 34. Rxg8+ Rxg8 35. Qf3 Bxf5 0-1

[Event "*** SCC Grand Prix: Titled Tuesday Blitz"]
[Site "Chess.com"]
[Date "2020.07.07"]
[Round "6"]
[White "Artur0208"]
[Black "EvgenyRomanov"]
[Result "1-0"]
[WhiteElo "2782"]
[BlackElo "2625"]
[TimeControl "180+1"]
[EndTime "11:05:33 PDT"]
[Termination "Artur0208 won by resignation"]

1. d4 d5 2. c4 dxc4 3. Nf3 e6 4. e3 b5 5. a4 b4 6. Bxc4 Nf6 7. O-O Be7 8. b3 O-O 9. Bb2 Bb7 10. Nbd2 Nbd7 11.
a5 Rc8 12. Qe2 c5 13. Rfc1 Qc7 14. e4 Qb8 15. h3 cxd4 16. Bxd4 Nc5 17. Ne5 Rfd8 18.
Bb2 Ncxe4 19. Nxe4 Bxe4 20. Nxf7 Kxf7 21. Bxf6 Bxf6 22. Qxe4 Qe5 23. Qb7+ Rc7 24. Qxb4 Qxa1 25. Rxa1 Bxa1 26. Qe1 Bf6 27. Qxe6+ Kf8 28. g4 Rcd7 29.
g5 Bd4 30. Kg2 1-0

[Event "*** SCC Grand Prix: Titled Tuesday Blitz"]
[Site "Chess.com"]
[Date "2020.07.07"]
[Round "6"]
[White "Munkhzul_Turmunkh"]
[Black "Stosk"]
[Result "1-0"]
[WhiteElo "2603"]
[BlackElo "2357"]
[TimeControl "180+1"]
[EndTime "11:05:34 PDT"]
[Termination "Munkhzul_Turmunkh won by checkmate"]

1. e4 c5 2. Nf3 Nc6 3. d4 cxd4 4. Nxd4 Nf6 5. Nc3 e6 6. Ndb5 Bb4 7. a3 Bxc3+ 8.
Nxc3 d5 9. exd5 exd5 10. Bd3 d4 11. Ne2 Ng4 12. Bf4 O-O 13. O-O Re8 14. h3 Nge5 15.
Bb5 Qd5 16. Ba4 Bxh3 17. f3 Bf5 18. Ng3 Bg6 19. Re1 Nc4 20. Bb3 Qc5 21. Bxc4 Qxc4 22.
Ne4 Qb5 23. Qd2 Qd5 24. Nd6 Rxe1+ 25. Rxe1 b6 26. Bg3 Rd8 27. Ne4 h6 28. Bh4 Rd7 29.
Nf6+ gxf6 30. Qxh6 Ne7 31. Bxf6 Qh5 32. Qg7# 1-0

[Event "*** SCC Grand Prix: Titled Tuesday Blitz"]
[Site "Chess.com"]
[Date "2020.07.07"]
[Round "6"]
[White "Fluffey"]
[Black "MF1966Idrisov"]
[Result "1-0"]
[WhiteElo "2454"]
[BlackElo "2319"]
[TimeControl "180+1"]
[EndTime "11:05:34 PDT"]
[Termination "Fluffey won by resignation"]

1. e4 c6 2. d4 d5 3. e5 g6 4.
c4 h5 5. Nc3 Nh6 6. Nf3 Bg7 7.
cxd5 cxd5 8. Qb3 e6 9. Bg5 Qd7 10. Nb5 O-O 11. Rc1 Nc6 12. Bd3 Kh7 13. O-O f6 14.
exf6 Bxf6 15. Bxf6 Rxf6 16. Ne5 Qe8 17. Nc7 Qd8 18.
Nxa8 Nxe5 19. dxe5 Rf7 20. Qa4 b6 21. Qc6 Bd7 22.
Qd6 Qxa8 23. Rc7 Qe8 24. Rfc1 Kg7 25. f3 Bb5 26. Bxb5 Qxb5 27. Qxe6 Qxb2 28. Qf6+ Kh7 29. Rxf7+ Nxf7 30. Qxf7+ Kh6 31. Qf4+ 1-0

[Event "*** SCC Grand Prix: Titled Tuesday Blitz"]
[Site "Chess.com"]
[Date "2020.07.07"]
[Round "6"]
[White "2nd_life"]
[Black "attack2mateU"]
[Result "1/2-1/2"]
[WhiteElo "2481"]
[BlackElo "2624"]
[TimeControl "180+1"]
[EndTime "11:05:36 PDT"]
[Termination "Game drawn by agreement"]

1. e4 c5 2. Nf3 d6 3. Bb5+ Nd7 4. c4 Nf6 5. Nc3 g6 6. d4 cxd4 7. Nxd4 Bg7 8. f3 O-O 9. Bxd7 Bxd7 10. Be3 Rc8 11. Qd3 a6 12. O-O Qc7 13. Nd5 Nxd5 14. cxd5 Qc4 15. Qd2 Bb5 16. Rfc1 Qd3 17. Nxb5 Qxd2 18.
Bxd2 axb5 19. Rxc8 Rxc8 20. Rc1 Rxc1+ 21. Bxc1 f5 22.
Kf2 fxe4 23. fxe4 Kf7 24. b3 Be5 25. h3 e6 26. Kf3 h5 27. g4 Kf6 28. Bd2 exd5 29.
exd5 hxg4+ 30. hxg4 Bd4 31. Ke4 Be5 32. g5+ Ke7 33.
Kd3 Kd7 34. Bc3 Bxc3 35. Kxc3 Kc7 36. b4 1/2-1/2

[Event "*** SCC Grand Prix: Titled Tuesday Blitz"]
[Site "Chess.com"]
[Date "2020.07.07"]
[Round "6"]
[White "Ole83"]
[Black "NowInChess"]
[Result "0-1"]
[WhiteElo "2285"]
[BlackElo "2167"]
[TimeControl "180+1"]
[EndTime "11:05:36 PDT"]
[Termination "NowInChess won by checkmate"]

1. c4 e5 2. Nc3 d6 3. g3 g6 4. Bg2 Bg7 5. Rb1 Nf6 6. b4 Nc6 7. d3 O-O 8. e3 Rb8 9. b5 Ne7 10. Nge2 Be6 11. O-O d5 12. cxd5 Nexd5 13. Ba3 Re8 14.
Qc2 Qd7 15. Rfd1 Bg4 16. Rd2 h5 17. Ne4 h4 18. N2c3 hxg3 19. hxg3 Nxc3 20. Qxc3 Nd5 21. Qb3 Be6 22. Nc5 Qc8 23. Nxe6 Qxe6 24. Bxd5 Qf6 25.
Rc1 Bh6 26. Be4 Rbc8 27. Bxb7 Kg7 28. Be4 Bg5 29. Kg2 Rh8 30. Rdd1 Rh2+ 31. Kxh2 Qxf2+ 32. Kh3 Rh8+ 33. Kg4 f5+ 34. Kxg5 Rh5# 0-1

[Event "*** SCC Grand Prix: Titled Tuesday Blitz"]
[Site "Chess.com"]
[Date "2020.07.07"]
[Round "6"]
[White "Chessdemon2019"]
[Black "ljuks68"]
[Result "0-1"]
[WhiteElo "2281"]
[BlackElo "2432"]
[TimeControl "180+1"]
[EndTime "11:05:38 PDT"]
[Termination "ljuks68 won by resignation"]

1. e4 e6 2. d4 d5 3. Nc3 Bb4 4. Ne2 Nc6 5. a3 Ba5 6. b4 Bb6 7. Bb2 Nge7 8. g3 e5 9. dxe5 Nxe5 10. Bg2 Nc4 11. Bc1 c6 12. exd5 Nxd5 13. Nxd5 cxd5 14.
Qxd5 Qf6 15. Qe4+ Be6 16. c3 Qxf2+ 17. Kd1 O-O-O+ 18. Kc2 Bf5 19. Kb3 Bxe4 20. Bxe4 Qxe2 21. Bf5+ Kb8 22. Bf4+ Bc7 23. Bxc7+ Kxc7 24. Rhe1 Nd2+ 25. Kc2 Qf2 26. Bd3 Rxd3 27. Kxd3 Rd8+ 28. Kc2 Nc4+ 29. Kb3 b5 30. Re7+ Kc8 31. Ra2 Rd2 0-1

[Event "*** SCC Grand Prix: Titled Tuesday Blitz"]
[Site "Chess.com"]
[Date "2020.07.07"]
[Round "6"]
[White "aNaartjieZA"]
[Black "Tsyhanchuk_Stanislav"]
[Result "0-1"]
[WhiteElo "2531"]
[BlackElo "2426"]
[TimeControl "180+1"]
[EndTime "11:05:39 PDT"]
[Termination "Tsyhanchuk_Stanislav won by resignation"]

1. e4 c5 2. Nf3 Nc6 3. g3 d5 4.
exd5 Qxd5 5. Nc3 Qe6+ 6. Qe2 Nf6 7. Qxe6 Bxe6 8. Bb5 Bd7 9. d3 a6 10. Bc4 e6 11.
Bg5 Be7 12. a3 h6 13. Be3 O-O-O 14. O-O-O Ng4 15. h3 Nxe3 16. fxe3 b5 17. Ba2 Bf6 18. Ne4 Be7 19. Rhf1 Kc7 20. g4 h5 21. g5 f5 22.
gxf6 gxf6 23. h4 Rhg8 24. Rg1 Rg4 25. Rdf1 Rdg8 26. Rh1 c4 27. Nf2 Rg3 28. Ne4 R3g4 29. Nf2 Rg2 30. Nh3 cxd3 31. cxd3 Re2 32. e4 Bxa3 33.
Nd2 Bxb2+ 34. Kd1 Rgg2 35. Nf3 Bc3 36. Nf4 Rxa2 37. Nxg2 Rxg2 38. Rh2 Rxh2 39. Nxh2 b4 40. Nf3 Ne5 41. Nxe5 Bxe5 42. Kc2 Ba4+ 43. Kb1 Bb5 44. Kc2 Ba4+ 45. Kb1 b3 46. Rc1+ Kd6 47. Rc8 Bb5 48. Kc1 Kd7 49. Rh8 b2+ 0-1